AoeStats
← frizboum

Arena

513468686Analyzed
4v4 RM · 3d ago on Oct 13, 2026· 49m 2s· 8 players
Game mode
Random Map
Map size
Large (8 player)
Population
200
Speed
Normal
Resources
Standard
Victory
Conquest
Starting age
Dark Age
Ending age
Imperial Age
RankedLock teamsTeams togetherTeam positionsShared explorationLock speedFull tech treeHidden civsTurbo modeCheats
Victory
Defeat
🇫🇷 Ethiopians · France
770
+11
🇫🇷 Spanish · France
701
+14
🇩🇪 Persians · Germany
687
+15
🇳🇴 Teutons · Norway
654
+17
vs
🇧🇴 Poles · Bolivia
721
-34
🇨🇦 Varangians · Canada
652
-14
🇺🇸 Japanese · United States
647
-14
🇧🇴 Khmer · Bolivia
622
-13
WatSollDennDat
13:14 Feudal Age
14:25 Wheelbarrow
13:42 Double-Bit Axe
13:40 Horse Collar
19:22 Castle Age
19:59 Bow Saw
19:52 Heavy Plow
20:34 Hand Cart
22:23 Husbandry
28:54 Gold Mining
28:58 Stone Mining
29:13 Loom
32:23 Imperial Age
32:04 Bloodlines
32:10 Forging
32:07 Scale Barding Armor
32:43 Caravan
33:24 Crop Rotation
33:58 Two-Man Saw
33:40 Gold Shaft Mining
33:44 Stone Shaft Mining
33:05 Elite War Elephant
37:13 Chain Barding Armor
37:29 Iron Casting
frizboum
0:39 Loom
10:59 Feudal Age
11:59 Double-Bit Axe
11:58 Horse Collar
15:27 Fletching
17:13 Wheelbarrow
23:25 Castle Age
22:47 Forging
22:37 Scale Mail Armor
24:06 Arson
24:45 Heavy Plow
24:58 Bow Saw
25:27 Bodkin Arrow
27:43 Murder Holes
30:37 Imperial Age
28:27 Hand Cart
29:31 Iron Casting
30:32 Chain Mail Armor
32:46 Blast Furnace
32:54 Plate Mail Armor
31:54 Capped Ram
36:34 Two-Man Saw
35:14 Siege Ram
38:10 Elite Shotel Warrior
39:11 Conscription
40:27 Bracer
KoN_Air
11:48 Feudal Age
16:43 Castle Age
15:39 Double-Bit Axe
16:20 Horse Collar
17:09 Stone Mining
21:19 Stone Shaft Mining
21:44 Bow Saw
23:18 Loom
24:26 Heavy Plow
26:00 Wheelbarrow
25:23 Gold Mining
31:45 Imperial Age
33:55 Chemistry
33:13 Hand Cart
32:47 Town Watch
34:08 Crop Rotation
34:38 Pikeman
36:42 Town Patrol
36:55 Heated Shot
37:26 Ballistics
37:18 Masonry
37:13 Siege Engineers
38:16 Forging
38:07 Scale Mail Armor
38:10 Caravan
38:21 Guilds
37:57 Halberdier
38:40 Squires
38:26 Arson
40:22 Iron Casting
40:02 Chain Mail Armor
44:54 Heavy Scorpion
48:15 Two-Man Saw
47:33 Fortified Wall
Zombyou
6:53 Loom
9:49 Feudal Age
10:32 Double-Bit Axe
11:22 Horse Collar
20:27 Castle Age
19:41 Stone Mining
22:50 Wheelbarrow
22:42 Bow Saw
24:25 Heavy Plow
26:45 Hand Cart
30:22 Gold Mining
31:10 Stone Shaft Mining
30:26 Town Watch
32:06 Fletching
32:17 Padded Archer Armor
32:28 Forging
32:19 Scale Mail Armor
32:12 Pikeman
33:19 Murder Holes
33:45 Ballistics
33:36 Masonry
34:04 Bodkin Arrow
34:24 Leather Archer Armor
39:57 Imperial Age
38:12 Iron Casting
37:53 Chain Mail Armor
37:43 Scale Barding Armor
38:08 Elite Skirmisher
39:44 Caravan
41:08 Conscription
41:30 Bracer
42:01 Ring Archer Armor
42:31 Blast Furnace
42:02 Plate Mail Armor
41:57 Capped Ram
43:49 Chemistry
43:20 Architecture
44:19 Two-Man Saw
42:48 Halberdier
44:03 Squires
43:49 Arson
49:01 Block Printing
49:13 Inquisition
space_milk
11:25 Feudal Age
11:46 Man-at-Arms
12:12 Arson
14:08 Scale Mail Armor
14:17 Horse Collar
15:12 Forging
15:46 Double-Bit Axe
21:12 Castle Age
21:02 Padded Archer Armor
21:10 Scale Barding Armor
21:11 Stone Mining
21:22 Fletching
23:27 Chain Mail Armor
23:07 Gambesons
22:50 Long Swordsman
24:16 Gold Mining
25:40 Heavy Plow
26:56 Wheelbarrow
28:00 Bow Saw
30:26 Iron Casting
31:43 Herbal Medicine
32:22 Hand Cart
38:24 Imperial Age
35:25 Pikeman
36:06 Squires
tbogwald
5:35 Loom
13:02 Feudal Age
13:28 Double-Bit Axe
13:25 Horse Collar
22:22 Castle Age
20:26 Gold Mining
21:13 Forging
21:05 Stone Mining
21:56 Scale Barding Armor
23:42 Bow Saw
23:33 Heavy Plow
24:15 Stone Shaft Mining
26:02 Coinage
31:13 Imperial Age
28:38 Town Watch
29:30 Wheelbarrow
29:48 Caravan
32:07 Iron Casting
32:16 Chain Barding Armor
32:37 Town Patrol
32:53 Hand Cart
33:57 Crop Rotation
34:29 Two-Man Saw
34:40 Banking
39:00 Blast Furnace
38:16 Bloodlines
38:22 Husbandry
38:05 Cavalier
39:14 Light Cavalry
40:47 Plate Barding Armor
40:03 Fletching
40:46 Murder Holes
41:05 Masonry
40:36 Treadmill Crane
41:53 Fortified Wall
44:49 Architecture
Augusto III
6:37 Loom
9:03 Feudal Age
12:02 Double-Bit Axe
13:06 Horse Collar
18:39 Castle Age
17:58 Stone Mining
20:20 Wheelbarrow
21:04 Bow Saw
26:40 Gold Mining
27:29 Stone Shaft Mining
28:08 Bloodlines
29:39 Husbandry
29:48 Scale Barding Armor
29:54 Forging
34:50 Imperial Age
32:38 Hand Cart
33:01 Tusk Swords
33:29 Chain Barding Armor
33:45 Iron Casting
33:53 Gold Shaft Mining
33:33 Town Watch
36:20 Ballistics
35:51 Heated Shot
35:32 Cavalier
37:11 Plate Barding Armor
37:36 Blast Furnace
36:38 Padded Archer Armor
36:30 Fletching
36:46 Town Patrol
38:37 Heavy Plow
38:34 Elite Ballista Elephant
39:16 Double Crossbow
39:14 Fletching
40:04 Bodkin Arrow
40:31 Leather Archer Armor
40:17 Elite Battle Elephant
Potz
14:03 Feudal Age
17:00 Double-Bit Axe
18:49 Bloodlines
19:42 Horse Collar
22:29 Scale Barding Armor
31:15 Castle Age
30:27 Forging
31:50 Light Cavalry
32:34 Husbandry
39:41 Imperial Age
37:24 Arson
38:51 Heavy Plow
40:37 Man-at-Arms
42:17 Wheelbarrow
42:15 Crop Rotation
42:50 Ballistics
43:44 Chemistry
Connection lost

Rejoining the realm…

Still unreachable

The connection could not be restored.

Session expired

The server has moved on; the page needs a fresh start.